 Dungeon Crawl Stone Soup version 0.29.1-13-g9f3cf754e1 (webtiles) character file.

Game seed: 810294322063504505

1870443 Atlar the Unseen (level 26, 247/247 HPs)
             Began as a Naga Venom Mage on Jan 29, 2023.
             Was the Champion of Cheibriados.
             Escaped with the Orb
             ... and 3 runes on Jan 30, 2023!
             The game lasted 10:30:19 (53870 turns).

Atlar the Unseen (Naga Venom Mage)                 Turns: 53870, Time: 10:30:20

Health: 247/247    AC: 26    Str: 40    XL:     26   Next: 81%
Magic:  35/35      EV: 25    Int: 47    God:    Cheibriados [******]
Gold:   3071       SH: 36    Dex: 42    Spells: 1/60 levels left

rFire   + + .      SeeInvis +   S - +9 demon trident (elec)
rCold   + . .      Faith    .   h - +5 tower shield "Vudorch" {+Inv Fly rElec Dex-2}
rNeg    + + +      Spirit   .   o - +1 leather armour of Melancholy {rElec Regen+ Dex+4}
rPois   +          Reflect  +   l - +2 helmet
rElec   +          Harm     .   u - +2 cloak "Utimod" {Fly rN+++ MP-9 Slay+3}
rCorr   +          Rampage  .   w - +1 pair of gloves "Athredo" {*Slow rPois Str+4 Dex+7}
Will    +++++                   F - -1 barding "Umneo" {rC+ Str+6 Int+4}
Stlth   +++.......              c - amulet "Onath" {Reflect Will+ rCorr SH+5}
HPRegen 1.31/turn               A - ring "Wigitac" {+Blink Fly rF+ Int+6}
MPRegen 0.24/turn               V - ring of Avvaidghi {rF+ Will+ Dex+5}

@: flying, studying Throwing, very slow
A: AC +8, large, see invisible, deformed body, poison resistance, slowness 2,
spit poison 1, naga tail 2, subdued magic 2, inability to drink after injury 1
0: Orb of Zot
}: 3/15 runes: barnacled, silver, gossamer
a: Spit Poison, Renounce Religion, Evoke Blink, Evoke Invisibility, Bend Time,
Temporal Distortion, Slouch, Step From Time


You escaped.
You worshipped Cheibriados.
Cheibriados was exalted by your worship.
You visited 10 branches of the dungeon, and saw 48 of its levels.
You also visited: Trove, Bailey and Gauntlet.

You collected 7120 gold pieces.
You spent 4049 gold pieces at shops.

Inventory:

Hand Weapons
 D - the +8 hand crossbow of World's End {penet, rCorr}
   (You bought it in a shop on level 2 of the Orcish Mines)

   Any ammunition fired by it passes through the targets it hits, potentially
   hitting all targets in its path until it reaches maximum range.
   rCorr:     It protects you from acid and corrosion.
 S - a +9 demon trident of electrocution (weapon)
Armour
 d - the +8 chain mail of Integrity {Harm rPois Dex+2}
   (You found it on level 3 of the Shoals)

   Dex:       It affects your dexterity (+2).
   rPois:     It protects you from poison.
   Harm:      It increases damage dealt and taken.
 h - the +5 tower shield "Vudorch" (worn) {+Inv Fly rElec Dex-2}
   (You found it in a treasure trove)

   Dex:       It affects your dexterity (-2).
   rElec:     It insulates you from electricity.
   +Inv:      It lets you turn invisible.
   Fly:       It grants you flight.
 k - the +1 barding of the Albatross {*Slow rF+ Will+ Regen+}
   (You found it in a treasure trove)

   rF:        It protects you from fire.
   Regen:     It increases your rate of health regeneration.
   *Slow:     It may slow you when you take damage.
   Will:      It increases your willpower.
 l - a +2 helmet (worn)
 o - the +1 leather armour of Melancholy (worn) {rElec Regen+ Dex+4}
   (You found it on level 2 of the Dungeon)

   Dex:       It affects your dexterity (+4).
   rElec:     It insulates you from electricity.
   Regen:     It increases your rate of health regeneration.
 t - the +3 salamander hide armour {Flames rF++ rC--}
   (You found it in a treasure trove)

   It surrounds you with a cloud of flames.
   It grants immunity to clouds of flame.
   It enhances your fire magic.
   rF:        It greatly protects you from fire.
   rC:        It makes you very vulnerable to cold.
 u - the +2 cloak "Utimod" (worn) {Fly rN+++ MP-9 Slay+3}
   (You found it in a Gauntlet)

   Slay:      It affects your accuracy & damage with ranged weapons and melee
   (+3).
   rN:        It renders you almost immune to negative energy.
   MP:        It affects your magic capacity (-9).
   Fly:       It grants you flight.
 w - the +1 pair of gloves "Athredo" (worn) {*Slow rPois Str+4 Dex+7}
   (You found it in a Gauntlet)

   Str:       It affects your strength (+4).
   Dex:       It affects your dexterity (+7).
   rPois:     It protects you from poison.
   *Slow:     It may slow you when you take damage.
 x - the +1 barding of Qerenite {Int+7 Dex+5}
   (You found it in a treasure trove)

   Int:       It affects your intelligence (+7).
   Dex:       It affects your dexterity (+5).
 F - the -1 barding "Umneo" (worn) {rC+ Str+6 Int+4}
   (You found it in a treasure trove)

   Str:       It affects your strength (+6).
   Int:       It affects your intelligence (+4).
   rC:        It protects you from cold.
 Q - +0 fire dragon scales
 R - quicksilver dragon scales
 X - a scarf of shadows
Jewellery
 c - the amulet "Onath" (around neck) {Reflect Will+ rCorr SH+5}
   (You found it on level 5 of the Vaults)

   [amulet of reflection]

   It reflects blocked missile attacks.
   rCorr:     It protects you from acid and corrosion.
   SH:        It affects your SH (+5).
   Will:      It increases your willpower.
 q - a ring of magical power
 A - the ring "Wigitac" (left hand) {+Blink Fly rF+ Int+6}
   (You bought it in a shop on level 2 of the Orcish Mines)

   [ring of intelligence]

   Int:       It affects your intelligence (+6).
   rF:        It protects you from fire.
   Fly:       It grants you flight.
   +Blink:    It lets you blink.
 I - the amulet "Acwilaud" {Acrobat Contam rPois rN+ Will++}
   (You found it in a Gauntlet)

   [amulet of the acrobat]

   It increases your evasion while moving and waiting.
   rPois:     It protects you from poison.
   rN:        It protects you from negative energy.
   Contam:    It causes magical contamination when unequipped.
   Will:      It greatly increases your willpower.
 M - a +4 ring of evasion
 O - the ring "Weil" {Will+ rCorr Int+5}
   (You bought it in a shop on level 3 of the Elven Halls)

   [ring of resist corrosion]

   Int:       It affects your intelligence (+5).
   rCorr:     It protects you from acid and corrosion.
   Will:      It increases your willpower.
 V - the ring of Avvaidghi (right hand) {rF+ Will+ Dex+5}
   (You bought it in a shop on level 1 of the Dungeon)

   [ring of willpower]

   Dex:       It affects your dexterity (+5).
   rF:        It protects you from fire.
   Will:      It increases your willpower.
 Z - the ring "Jyhosyin" {Ice rN++ Str+3 SInv}
   (You found it on level 3 of the Elven Halls)

   [ring of ice]

   It enhances your ice magic.
   Str:       It affects your strength (+3).
   rF:        It makes you vulnerable to fire.
   rC:        It protects you from cold.
   rN:        It greatly protects you from negative energy.
   SInv:      It lets you see invisible.
Wands
 y - a wand of quicksilver (14)
 B - a wand of iceblast (36)
 G - a wand of digging (8)
 N - a wand of mindburst (13)
Scrolls
 a - 3 scrolls of magic mapping
 b - 14 scrolls of teleportation
 f - 10 scrolls of vulnerability
 j - 6 scrolls of summoning
 m - 3 scrolls of silence
 r - 5 scrolls of enchant armour
 s - 2 scrolls of fog
 v - 8 scrolls of poison
 z - a scroll of amnesia
 C - 12 scrolls of immolation
 K - 3 scrolls of enchant weapon
 L - 4 scrolls of brand weapon
 W - 10 scrolls of fear
Potions
 e - 15 potions of might
 g - 4 potions of lignification
 i - 4 potions of magic
 n - 5 potions of ambrosia
 p - 17 potions of curing
 H - 6 potions of brilliance
 J - 2 potions of resistance
 U - a potion of invisibility
 Y - 7 potions of mutation
Miscellaneous
 T - a lightning rod (4/4)


   Skills:
 - Level 16.3 Fighting
 - Level 15.0 Polearms
 - Level 10.0 Armour
 - Level 13.2 Dodging
 - Level 18.5 Stealth
 - Level 14.3 Shields
 - Level 17.5 Spellcasting
 - Level 4.8 Conjurations
 - Level 4.3 Hexes
 - Level 16.4 Summonings
 + Level 15.9 Necromancy
 - Level 4.8 Translocations
 - Level 9.0 Transmutations
 - Level 4.5 Air Magic
 - Level 9.0 Earth Magic
 - Level 8.3 Poison Magic
 - Level 12.0 Invocations


You had one spell level left.
You knew the following spells:

 Your Spells              Type           Power      Damage    Failure   Level
a - Sting                 Tmut/Pois      100%       1d8       0%          1
b - Lee's Rapid Deconstr  Erth           34%        3d18*     1%          5
c - Infestation           Necr           43%        N/A       10%         8
d - Olgreb's Toxic Radia  Pois           65%        N/A       1%          4
e - Blink                 Tloc           100%       N/A       1%          2
f - Passage of Golubria   Tloc           53%        N/A       1%          4
g - Summon Lightning Spi  Summ/Air       73%        N/A       1%          4
h - Passwall              Tmut/Erth      56%        N/A       0%          2
i - Statue Form           Tmut/Erth      45%        N/A       3%          6
j - Ignite Poison         Fire/Tmut/Pois 56%        N/A       1%          3
k - Summon Horrible Thin  Summ           44%        N/A       8%          8
l - Haunt                 Necr/Summ      44%        N/A       1%          7
m - Silence               Hex/Air        25%        N/A       4%          5

Your spell library contained the following spells:

 Spells                   Type           Power      Damage    Failure   Level
 Beastly Appendage        Tmut           100%       N/A       0%          1
 Sandblast                Erth           100%       2d20      0%          1
 Summon Small Mammal      Summ           100%       N/A       0%          1
 Apportation              Tloc           100%       N/A       1%          1
 Foxfire                  Conj/Fire      100%       2x1d9     1%          1
 Magic Dart               Conj           100%       1d8       1%          1
 Call Imp                 Summ           89%        N/A       0%          2
 Wereblood                Tmut           68%        N/A       0%          2
 Call Canine Familiar     Summ           89%        N/A       0%          3
 Summon Guardian Golem    Hex/Summ       72%        N/A       0%          3
 Animate Dead             Necr           87%        N/A       0%          4
 Dispel Undead            Necr           87%        3d28      0%          4
 Agony                    Necr           87%        N/A       0%          5
 Poisonous Vapours        Pois/Air       100%       N/A       1%          2
 Scorch                   Fire           50%        2d8       1%          2
 Searing Ray              Conj           100%       2d8       1%          2
 Static Discharge         Conj/Air       52%        3-10/arc  1%          2
 Confusing Touch          Hex            51%        N/A       1%          3
 Conjure Flame            Conj/Fire      39%        6-21      1%          3
 Dazzling Flash           Conj/Hex       100%       N/A       1%          3
 Inner Flame              Hex/Fire       38%        N/A       1%          3
 Lesser Beckoning         Tloc           53%        N/A       1%          3
 Mephitic Cloud           Conj/Pois/Air  57%        N/A       1%          3
 Portal Projectile        Hex/Tloc       100%       N/A       1%          3
 Spider Form              Tmut/Pois      66%        N/A       1%          3
 Stone Arrow              Conj/Erth      100%       3d13      1%          3
 Teleport Other           Tloc           53%        N/A       1%          3
 Tukima's Dance           Hex            51%        N/A       1%          3
 Airstrike                Air            25%        2d(4-20)  1%          4
 Anguish                  Hex/Necr       35%        N/A       1%          4
 Cause Fear               Hex            25%        N/A       1%          4
 Corpse Rot               Necr/Pois/Air  70%        N/A       1%          4
 Fulminant Prism          Conj/Hex       25%        3d14      1%          4
 Ice Form                 Ice/Tmut       51%        N/A       1%          4
 Iskenderun's Mystic Bla  Conj/Tloc      52%        2d11      1%          4
 Leda's Liquefaction      Hex/Erth       30%        N/A       1%          4
 Petrify                  Tmut/Erth      68%        N/A       1%          4
 Summon Ice Beast         Ice/Summ       65%        N/A       1%          4
 Summon Mana Viper        Hex/Summ       72%        N/A       1%          5
 Yara's Violent Unravell  Hex/Tmut       30%        3d13      1%          5
 Monstrous Menagerie      Summ           44%        N/A       1%          7
 Frozen Ramparts          Ice            50%        1d8       2%          3
 Flame Wave               Conj/Fire      39%        2d11      3%          4
 Hailstorm                Conj/Ice       39%        3d9       3%          4
 Sticky Flame             Conj/Fire      39%        2d6       3%          4
 Iskenderun's Battlesphe  Conj           52%        2d10      3%          5
 Lightning Bolt           Conj/Air       26%        1d42      3%          5
 Manifold Assault         Tloc           53%        N/A       3%          5
 Freezing Cloud           Conj/Ice/Air   22%        6-21      8%          5
 Fireball                 Conj/Fire      19%        3d9       11%         5
 Spellforged Servitor     Conj/Summ      36%        N/A       11%         7
 Metabolic Englaciation   Hex/Ice        19%        N/A       12%         5
 Dragon Form              Tmut           34%        N/A       24%         7
 Conjure Ball Lightning   Conj/Air       26%        3x3d7     26%         6
 Storm Form               Tmut/Air       30%        N/A       52%         7
 Starburst                Conj/Fire      19%        6d7       56%         6
 Orb of Destruction       Conj           26%        9d9       82%         7
 Dragon's Call            Summ           44%        N/A       82%         9
 Enfeeble                 Hex            25%        N/A       87%         7
 Discord                  Hex            25%        N/A       100%        8
 Ignition                 Fire           12%        3d6       100%        8
 Maxwell's Capacitive Co  Air            25%        ∞         100%        8


Dungeon Overview and Level Annotations

Branches:
Dungeon (15/15)            Temple (0/1) D:4            Lair (5/5) D:11
 Shoals (4/4) Lair:2       Spider (4/4) Lair:2        Slime (1/5) Lair:5
    Orc (2/2) D:11            Elf (3/3) Orc:2        Vaults (5/5) D:14
  Crypt (0/3) Vaults:2     Depths (4/4) D:15            Zot (5/5) Depths:4
 Bailey (visited)         Gauntlet (visited)

Altars:
Cheibriados
Dithmenos
Fedhas
Hepliaklqana
Kikubaaqudgha
Okawaru
Qazlal
Ru
Sif Muna
Trog
Uskayaw
Wu Jian
Xom
Yredelemnul
Zin
The Shining One
Lugonu

Shops:
D:1 =   D:3 *   D:9 [   Orc:2 (!(=   Elf:3 ==:   Shoals:4 (   Vaults:1 :
Vaults:2 =   Depths:3 (

Portals:
Hell: Depths:1 Depths:2 Depths:3 Depths:4
Abyss: Depths:2 Depths:3
Pandemonium: Depths:2
Ziggurat: Depths:4
Bazaar: Shoals:3

Annotations:
D:4 Eustachio
D:7 3 runed translucent doors, vvl's ghost, novice DsFi
D:8 Erica
D:14 1 runed translucent door
Lair:3 exclusion: obsidian statue
Shoals:2 Ilsuiw
Elf:2 3 runed translucent doors
Vaults:3 Mennas
Depths:2 2 runed translucent doors
Depths:3 2 transporters
Zot:4 Tiamat


Innate Abilities, Weirdness & Mutations

Your serpentine skin is tough. (AC +8)
You have supernaturally acute eyesight. (SInv)
Armour fits poorly on your strangely shaped body.
Your system is resistant to poisons. (rPois)
You cover ground very slowly.
You can spit poison.
You can use your snake-like lower body to constrict enemies.
Your spells are easier to cast, but less powerful.
You occasionally lose the ability to drink potions when taking damage.


Message History

Your large abomination disappears in a puff of smoke!
Your tentacled monstrosity disappears in a puff of smoke!
Your large abomination disappears in a puff of smoke!
Magic restored.
There is a stone staircase leading up here.
You fly upwards.
There is a stone staircase leading down here.
Casting: Summon Horrible Things (dangerous; 8% risk of failure)
Confirm with . or Enter, or press ? or * to list all spells.
Aiming: Passwall (safe; 0% risk of failure)
Press: ? - help, Dir - move target A rock wall.
This square is covered in magical glow.
You begin to meditate on the wall.
You continue meditating on the rock. x2
You finish merging with the rock.
Casting: Passwall (safe; 0% risk of failure)
Confirm with . or Enter, or press ? or * to list all spells.
Aiming: Passwall (safe; 0% risk of failure)
Press: ? - help, Dir - move target A rock wall.
This square is covered in magical glow.
You begin to meditate on the wall.
You continue meditating on the rock.
HP restored.
You continue meditating on the rock.
You finish merging with the rock.
There is a stone staircase leading up here.
You fly upwards.
There is a stone staircase leading down here.
Casting: Passwall (safe; 0% risk of failure)
Confirm with . or Enter, or press ? or * to list all spells.
Aiming: Passwall (safe; 0% risk of failure)
Press: ? - help, Dir - move target A rock wall.
This square is covered in magical glow.
You begin to meditate on the wall.
You continue meditating on the rock. x2
You finish merging with the rock.
You fly upwards.
There is a stone staircase leading down here.
There is a staircase leading out of the dungeon here.
You have escaped!

#..................### #.#....
....(.#####≈≈≈≈≈≈~≈≈≈## #......
.#..#.# ##≈≈≈≈≈≈~≈≈≈≈≈## ###....
###.#.###≈≈≈≈≈≈≈~≈≈≈≈≈≈## #....
.#....##≈≈≈8≈≈≈≈≈~≈≈8≈≈≈# #####
#.#(#...≈≈≈≈≈≈≈≈≈≈~≈≈≈≈≈#
###.###.≈≈≈≈...≈≈≈~≈≈≈≈≈# ####
###.# ##.≈≈.≈≈≈.≈≈~≈≈≈≈≈# #...
..#.# #≈..≈≈≈≈.@~≈≈≈≈≈≈######.##
#.#.# ##≈≈≈≈≈≈~>.≈≈≈≈..≈.(..##.#.
#.#.# #.≈≈≈≈≈~≈≈.≈≈≈.≈≈.....##...
#.#.###.≈≈≈≈≈~≈≈≈...≈≈≈≈.........
........≈≈≈≈≈~≈≈≈≈≈≈≈≈≈≈.....#...
#.....##≈≈≈8≈≈~≈≈≈≈≈8≈≈≈.....#.#.
.....####≈≈≈≈≈≈~≈≈≈≈≈≈≈##.##.#.##
###.## ##≈≈≈≈≈~≈≈≈≈≈≈.##..#.#...
#.# ##≈≈≈~≈≈≈≈≈≈#.###.#.####


There were no monsters in sight!

Vanquished Creatures
  7 dread liches
  3 orbs of fire
  An ancient lich (Zot:5)
  4 Killer Klowns
  Margery (Vaults:3)
  A curse toe (Zot:3)
  6 golden dragons
  Nikola (Vaults:3)
  A bone dragon (Zot:3)
  A Brimstone Fiend (D:11)
  5 electric golems
  Jorgrun (Spider:1)
  2 liches
  Asterion (Spider:1)
  A walking crystal tome (Depths:2)
  Zenata (Vaults:3)
  9 tentacled monstrosities
  2 Ice Fiends
  4 titans (Vaults:5)
  26 Orb Guardians
  2 deep elf master archers (Elf:3)
  A kraken (Shoals:4)
  Polyphemus (Shoals:2)
  4 sphinxes
  An acid blob (Lair:5)
  10 quicksilver dragons
  2 deep elf blademasters (Elf:3)
  5 death cobs
  An ancient champion (Vaults:2)
  10 shadow dragons
  Kirke (Shoals:3)
  7 draconian monks
  8 tengu reavers
  Roxanne (Shoals:4)
  13 storm dragons
  5 draconian knights
  9 fire giants
  10 frost giants
  7 deep elf sorcerers
  6 emperor scorpions
  An orc warlord (Vaults:2)
  A deep elf elementalist (Elf:3)
  2 draconian scorchers
  13 vault wardens
  3 iron dragons
  2 balrugs
  8 ghost moths
  A cacodemon (D:5)
  17 ironbound preservers
  7 draconian shifters
  5 draconian annihilators
  5 very ugly things (Vaults:3)
  A war gargoyle (Vaults:5)
  8 ironbound thunderhulks
  13 stone giants
  2 caustic shrike skeletons
  7 draconian stormcallers
  3 broodmothers (Spider:3)
  10 red draconians
  A vampire knight (Depths:2)
  7 deep elf demonologists
  12 black draconians
  2 deep elf annihilators (Elf:3)
  A minotaur (Gauntlet)
  4 green draconians
  The ghost of Ceyroiss the Quickloader, a journeyman HuWn of Dithmenos (Lair:4)
  8 dire elephants
  A minotaur (shapeshifter) (Vaults:5)
  10 purple draconians
  4 white draconians
  3 spark wasps (Spider:4)
  6 yellow draconians
  7 entropy weavers
  10 ettins
  A green death (D:10)
  10 deep elf death magi
  10 fire dragons
  9 merfolk impalers
  Snorg (D:11)
  15 yaktaur captains
  4 jiangshi
  3 merfolk javelineers (Shoals:4)
  A spriggan zombie (Depths:1)
  5 deep elf high priests
  5 crystal guardians
  7 great orbs of eyes
  A ragged hierophant (Vaults:1)
  6 ice dragons
  A peacekeeper (Vaults:4)
  6 ogre magi
  5 boulder beetles
  2 rakshasas
  31 vault guards
  6 hydras
  5 catoblepae
  3 jorogumos
  3 merfolk avatars
  2 radroaches
  4 spriggan air magi
  3 merfolk aquamancers
  13 two-headed ogres
  The ghost of jaiteiro the Skirmisher, a journeyman SpHu of Hepliaklqana (Lair:4)
  7 ironbound frosthearts
  13 dancing weapons
  3 satyrs (Shoals:4)
  13 centaur warriors
  A titan zombie (Depths:1)
  8 deep troll earth magi
  4 tengu warriors (Depths:1)
  3 vampire magi
  8 death yaks
  An orc high priest (Orc:1)
  6 deep troll shamans
  Urug (Lair:5)
  A thrashing horror (Gauntlet)
  2 spriggan berserkers
  A shock serpent (shapeshifter) (Vaults:5)
  5 hell knights
  3 spriggans
  4 sun demons
  11 deep elf knights
  3 soul eaters (Depths:2)
  6 iron trolls
  63 deep trolls
  A sun moth (Spider:1)
  5 sixfirhies
  8 sea snakes
  3 skeletal warriors
  8 steelbarb worms
  6 pharaoh ants
  A glowing orange brain (shapeshifter) (Zot:3)
  A spark wasp zombie (D:15)
  A glowing orange brain (Vaults:4)
  12 orb spiders
  10 ironbound convokers
  12 deep elf archers
  5 orc knights
  3 phantasmal warriors
  3 wizards
  8 lindwurms
  An orange crystal statue (Depths:2)
  3 necromancers
  25 deep elf zephyrmancers
  An oklob plant (Lair:5)
  12 harpies
  A fire giant zombie (Depths:1)
  8 fauns (Shoals:4)
  28 deep elf pyromancers
  A stone giant zombie (D:15)
  A salamander (Depths:3)
  A frost giant zombie (D:15)
  6 cyclopes
  14 wolf spiders
  11 manticores
  18 ugly things
  26 moths of wrath
  A cyclops (shapeshifter) (D:14)
  Maurice (Orc:1)
  A fire giant skeleton (Vaults:2)
  A stone giant skeleton (Vaults:2)
  3 centaur skeletons (D:14)
  A titan simulacrum (Depths:1)
  8 water nymphs
  14 merfolk sirens
  A guardian serpent (shapeshifter) (Elf:1)
  5 black mambas
  3 elephants (Lair:2)
  A rust devil (Depths:2)
  Joseph (D:9)
  8 cane toads
  A smoke demon (Depths:2)
  10 vault sentinels
  7 torpor snails
  An unseen horror (shapeshifter) (D:15)
  4 gargoyles
  An efreet (D:14)
  2 orange demons
  2 rime drakes
  9 demonic crawlers
  4 kobold demonologists
  41 yaktaurs
  8 komodo dragons
  An unseen horror (D:12)
  3 freezing wraiths
  A hellwing (Depths:2)
  4 ice devils
  A tormentor (Zot:5)
  4 polar bears
  A tengu conjurer (Depths:1)
  2 red devils (Depths:2)
  11 trolls
  21 tarantellas
  32 merfolk
  3 meliai (Spider:3)
  2 saltlings (Vaults:1)
  20 hornets
  21 dream sheep
  7 wind drakes
  26 blink frogs
  A wind drake (shapeshifter) (Elf:2)
  6 snapping turtles
  43 slime creatures
  26 jumping spiders
  16 culicivoras
  16 water elementals
  2 air elementals
  2 nameless horrors
  A shadow (D:11)
  6 fire elementals
  5 wyverns
  78 yaks
  Grum (Lair:1)
  3 wraiths
  A redback (shapeshifter) (Elf:1)
  A human (D:11)
  20 vampire mosquitoes
  3 basilisks
  62 redbacks
  A steam dragon (Lair:2)
  A neqoxec (Depths:2)
  An elf simulacrum (Vaults:2)
  Menkaure (D:7)
  9 wargs
  A water moccasin (shapeshifter) (Zot:3)
  An acid dragon (D:10)
  11 water moccasins
  A floating eye (Depths:3)
  25 orc warriors
  2 human zombies (Vaults:2)
  5 ice beasts
  19 ogres
  3 black bears
  7 boggarts
  A sky beast (D:7)
  7 wolves
  2 small abominations (Gauntlet)
  4 centaurs
  A phantom (D:6)
  11 kobold brigands
  7 bullfrogs
  8 earth elementals
  A necrophage (D:7)
  A gnoll sergeant (D:5)
  5 scorpions
  4 wights (D:9)
  9 killer bees (D:9)
  4 howler monkeys (D:9)
  6 electric eels
  A jelly (D:6)
  2 quasits (D:10)
  2 gnoll boudas (D:9)
  3 iguanas
  17 orc priests
  Crazy Yiuf (D:4)
  A hound (D:5)
  Jessica (D:3)
  31 orc wizards
  A boggart skeleton (D:14)
  4 hell rats (Lair:5)
  16 gnolls
  8 adders
  3 white imps
  2 ufetubi (D:6)
  A worm (D:4)
  4 dart slugs
  104 orcs
  7 endoplasms
  6 giant cockroaches
  7 goblins
  7 hobgoblins
  3 jackals (D:4)
  24 kobolds
  5 quokkas (D:3)
  6 ball pythons
  3 bats
  A frilled lizard (D:3)
  11 rats
  5 tentacles (Shoals:4)
1980 creatures vanquished.

Vanquished Creatures (collateral kills)
  Frederick (Depths:3)
  A curse toe (Zot:3)
  4 golden dragons
  4 tentacled monstrosities
  A titan (Zot:3)
  A quicksilver dragon (Zot:2)
  4 death cobs
  A sphinx (Vaults:5)
  2 shadow dragons
  A storm dragon (Zot:3)
  2 draconian monks
  2 frost giants (Depths:4)
  A fire giant (Depths:4)
  Louise (Shoals:1)
  3 draconian annihilators
  An ironbound thunderhulk (Vaults:4)
  2 very ugly things (Depths:2)
  A green draconian (Zot:3)
  A black draconian (Zot:3)
  An entropy weaver (Spider:3)
  2 purple draconians
  5 white draconians
  4 red draconians
  2 yellow draconians (Zot:1)
  A crystal guardian (Depths:2)
  A deep elf high priest (Zot:3)
  2 fire dragons
  A vault guard (Vaults:3)
  A merfolk avatar (Shoals:1)
  An ironbound frostheart (Vaults:3)
  A two-headed ogre (Orc:2)
  An ice dragon (Depths:2)
  2 death yaks (Lair:4)
  A deep troll earth mage (Depths:4)
  A deep troll shaman (Depths:1)
  2 deep elf knights (Elf:1)
  An iron troll (Depths:1)
  An orb spider (Spider:3)
  5 deep trolls
  2 phantasmal warriors
  An ugly thing (Vaults:3)
  3 oklob plants (Lair:5)
  6 moths of wrath
  A black mamba (Lair:5)
  A cane toad (Lair:4)
  A nameless horror (Zot:1)
  A red devil (D:10)
  A tarantella (Spider:1)
  A wind drake (Shoals:4)
  2 jumping spiders (Spider:3)
  A yak (Lair:5)
  4 redbacks
  4 ogres (Orc:2)
  A scorpion (Spider:2)
100 creatures vanquished.

Vanquished Creatures (others)
  A deep elf knight (Elf:2)
  2 deep elf pyromancers
  A deep elf zephyrmancer (Elf:1)
  A moth of wrath (Zot:3)
  A vault sentinel (Vaults:5)
  5 dancing weapons
  3 demonic plants (D:10)
  27 fungi
  141 plants
  10 tentacles (Shoals:4)
  12 withered plants
204 creatures vanquished.

Grand Total: 2284 creatures vanquished

Notes
Turn   | Place    | Note
-------+----------+-------------------------------------------
     0 | D:1      | Atlar the Naga Venom Mage began the quest for the Orb.
     0 | D:1      | Reached XP level 1. HP: 15/15 MP: 3/3
    92 | D:1      | Found a faded altar of an unknown god.
   102 | D:1      | Reached XP level 2. HP: 22/22 MP: 5/5
   105 | D:1      | Learned a level 2 spell: Poisonous Vapours
   521 | D:1      | Found Owawuvef's Jewellery Boutique.
  1311 | D:2      | Reached XP level 3. HP: 27/28 MP: 6/6
  1333 | D:2      | Identified the +1 leather armour of Melancholy {rElec
                  | Regen+ Dex+4}
  1349 | D:2      | Learned a level 3 spell: Mephitic Cloud
  2418 | D:3      | Reached skill level 4 in Stealth
  2418 | D:3      | Reached skill level 5 in Poison Magic
  2492 | D:3      | Noticed Jessica
  2500 | D:3      | Killed Jessica
  2501 | D:3      | Reached XP level 4. HP: 36/36 MP: 0/8
  2717 | D:3      | Found Deumol's General Store.
  3016 | D:3      | Found a shimmering altar of Xom.
  3128 | D:3      | Found a snail-covered altar of Cheibriados.
  3135 | D:3      | Became a worshipper of Cheibriados the Contemplative
  3450 | D:3      | Found a basalt altar of Yredelemnul.
  3523 | D:4      | Reached skill level 1 in Armour
  3551 | D:4      | Reached XP level 5. HP: 42/42 MP: 9/9
  3699 | D:4      | Reached skill level 5 in Stealth
  3767 | D:4      | Noticed a black bear
  3773 | D:4      | Killed a black bear
  3774 | D:4      | Reached skill level 1 in Fighting
  3774 | D:4      | Reached skill level 1 in Polearms
  3774 | D:4      | Reached XP level 6. HP: 33/51 MP: 5/10
  3862 | D:4      | Reached * piety under Cheibriados
  3874 | D:4      | Found a bloodstained altar of Trog.
  3909 | D:4      | Found a blossoming altar of Fedhas.
  3981 | D:4      | Found a runed translucent door.
  3982 | D:4      | Noticed Crazy Yiuf
  4122 | D:4      | Found a staircase to the Ecumenical Temple.
  4134 | D:4      | Noticed a black bear
  4215 | D:4      | Found a hazy altar of Hepliaklqana.
  4269 | D:4      | Killed a black bear
  4290 | D:4      | Noticed Eustachio
  4319 | D:4      | Reached skill level 1 in Conjurations
  4324 | D:4      | Learned a level 4 spell: Olgreb's Toxic Radiance
  4618 | D:5      | Entered Level 5 of the Dungeon
  4772 | D:5      | Reached skill level 1 in Air Magic
  4772 | D:5      | Reached XP level 7. HP: 58/58 MP: 4/11
  5085 | D:5      | Identified the +4 quarterstaff "Fumuotok" {freeze, rC+}
  5143 | D:5      | Reached ** piety under Cheibriados
  5580 | D:6      | Reached XP level 8. HP: 65/67 MP: 9/12
  5725 | D:6      | Noticed a two-headed ogre
  5803 | D:6      | Killed a two-headed ogre
  5804 | D:6      | Reached skill level 7 in Stealth
  5878 | D:6      | Reached skill level 1 in Shields
  5878 | D:6      | Reached XP level 9. HP: 73/73 MP: 10/13
  5881 | D:6      | Found a sacrificial altar of Ru.
  6000 | D:6      | Reached skill level 8 in Stealth
  6243 | D:6      | Reached *** piety under Cheibriados
  6269 | D:7      | Found a glowing golden altar of the Shining One.
  6469 | D:7      | Noticed Menkaure
  6484 | D:7      | Killed Menkaure
  6489 | D:7      | Reached skill level 1 in Invocations
  6547 | D:7      | Noticed vvl's ghost (novice DsFi)
  6547 | D:7      | Noticed a two-headed ogre
  6549 | D:7      | Found a runed translucent gate.
  6549 | D:7      | Found a runed translucent gate.
  6549 | D:7      | Found a runed translucent gate.
  6659 | D:7      | Found an ancient bone altar of Kikubaaqudgha.
  6672 | D:7      | Reached skill level 9 in Stealth
  6947 | D:7      | Found a shimmering blue altar of Sif Muna.
  7021 | D:7      | Reached **** piety under Cheibriados
  7214 | D:7      | Reached skill level 10 in Stealth
  7398 | D:7      | Reached skill level 11 in Stealth
  7398 | D:7      | Reached skill level 5 in Invocations
  7652 | D:8      | Noticed Erica
  7681 | D:8      | Reached XP level 10. HP: 78/84 MP: 14/14
  7695 | D:8      | Found a flagged portal.
  7702 | Bailey   | Entered a bailey
  7750 | Bailey   | Reached ***** piety under Cheibriados
  7789 | Bailey   | Reached skill level 12 in Stealth
  8012 | Bailey   | Found a burning altar of Makhleb.
  8233 | D:9      | Reached skill level 13 in Stealth
  8243 | D:9      | Reached skill level 14 in Stealth
  8264 | D:9      | Found an iron altar of Okawaru.
  8286 | D:9      | Noticed Joseph
  8308 | D:9      | Reached skill level 15 in Stealth
  8312 | D:9      | Killed Joseph
  8325 | D:9      | Learned a level 3 spell: Tukima's Dance
  8507 | D:1      | Bought an amulet of reflection for 330 gold pieces
  8686 | D:4      | Killed Crazy Yiuf
  8843 | D:9      | Reached skill level 1 in Hexes
  8892 | D:9      | Found a stormy altar of Qazlal.
  8892 | D:9      | Found a shadowy altar of Dithmenos.
  9161 | D:9      | Reached XP level 11. HP: 92/93 MP: 6/15
  9517 | D:9      | Found Zenoimpi's Armour Shop.
  9573 | D:9      | Found an ornate altar of the Wu Jian Council.
  9647 | D:9      | Found a glowing silver altar of Zin.
  9852 | D:10     | Entered Level 10 of the Dungeon
  9861 | D:10     | Reached skill level 5 in Shields
  9936 | D:10     | Reached ****** piety under Cheibriados
  9982 | D:10     | Found a hide-covered altar of Uskayaw.
 10768 | D:11     | Found a staircase to the Lair.
 10780 | D:11     | Reached skill level 5 in Polearms
 10822 | D:11     | Reached skill level 5 in Fighting
 10848 | D:11     | Noticed a manticore
 10952 | D:11     | Reached skill level 5 in Spellcasting
 11046 | D:11     | Killed a manticore
 11080 | D:11     | Identified the +8 hand axe "Koameb" {freeze, Int+7}
 11123 | D:11     | Noticed Snorg
 11131 | D:11     | Noticed a boulder beetle
 11131 | D:11     | Noticed a deep elf pyromancer
 11139 | D:11     | Killed Snorg
 11139 | D:11     | Killed a deep elf pyromancer
 11140 | D:11     | Reached XP level 12. HP: 75/106 MP: 11/20
 11140 | D:11     | Killed a boulder beetle
 11140 | D:11     | Noticed a four-headed hydra
 11149 | D:11     | Killed a four-headed hydra
 11152 | D:11     | Noticed a sun demon
 11214 | D:11     | Found a staircase to the Orcish Mines.
 11308 | D:11     | Identified the +0 pair of boots "Vucworapt" {Int+2 Slay+4}
 11604 | Orc:1    | Entered Level 1 of the Orcish Mines
 11685 | Orc:1    | Noticed an orc high priest
 11698 | Orc:1    | Killed an orc high priest
 11746 | Orc:1    | Noticed Maurice
 11761 | Orc:1    | Killed Maurice
 12204 | Orc:2    | Entered Level 2 of the Orcish Mines
 12379 | Orc:2    | Noticed a two-headed ogre
 12379 | Orc:2    | Noticed a two-headed ogre
 12389 | Orc:2    | Killed a two-headed ogre
 12389 | Orc:2    | Killed a two-headed ogre
 12422 | Orc:2    | Noticed a two-headed ogre
 12429 | Orc:2    | Killed a two-headed ogre
 12561 | Orc:2    | Noticed an ettin
 12561 | Orc:2    | Noticed an ogre mage
 12567 | Orc:2    | Killed an ogre mage
 12567 | Orc:2    | Killed an ettin
 12568 | Orc:2    | Gained mutation: You can use your snake-like lower body to
                  | constrict enemies. [Naga growth]
 12568 | Orc:2    | Reached XP level 13. HP: 107/117 MP: 8/25
 12648 | Orc:2    | Learned a level 4 spell: Passage of Golubria
 12656 | Orc:2    | Found a staircase to the Elven Halls.
 12668 | Orc:2    | Reached skill level 1 in Translocations
 12681 | Orc:2    | Reached skill level 10 in Polearms
 12839 | Orc:2    | Found Amuatsez's Weapon Shop.
 12854 | Orc:2    | Found Norphenkysa's Antique Weapon Shoppe.
 12854 | Orc:2    | Found Eser's Distillery.
 12858 | Orc:2    | Found Ceikhlosu's Jewellery Emporium.
 13791 | D:1      | Bought a ring of wizardry for 330 gold pieces
 13791 | D:1      | Bought the ring of Avvaidghi {rF+ Will+ Dex+5} for 544 gold
                  | pieces
 13799 | D:1      | Learned a level 4 spell: Summon Lightning Spire
 13804 | D:1      | Learned a level 4 spell: Petrify
 13979 | Lair:1   | Entered Level 1 of the Lair of Beasts
 14040 | Lair:1   | Noticed Grum
 14048 | Lair:1   | Reached skill level 1 in Earth Magic
 14050 | Lair:1   | Killed Grum
 14982 | Lair:2   | Found a staircase to the Shoals.
 15139 | Lair:2   | You fall into a shaft and drop 1 floor!
 15139 | Lair:3   | Found a gate leading to a gauntlet.
 15144 | Lair:3   | Reached XP level 14. HP: 126/126 MP: 21/26
 15153 | Gauntlet | Entered a Gauntlet
 15153 | Gauntlet | Found a transporter.
 15153 | Gauntlet | Found a transporter.
 15162 | Gauntlet | Found a transporter.
 15233 | Gauntlet | Found a transporter.
 15238 | Gauntlet | Identified the amulet "Acwilaud" {Acrobat Contam rPois rN+
                  | Will++}
 15255 | Gauntlet | Found a transporter.
 15272 | Gauntlet | Reached skill level 5 in Transmutations
 15318 | Gauntlet | Identified the ring "Buno" {EV+4 Dex+4}
 15326 | Gauntlet | Found a transporter.
 15328 | Gauntlet | Identified the +7 arbalest "Ysivvukh" {freeze, rCorr}
 15337 | Gauntlet | Reached skill level 5 in Earth Magic
 15366 | Gauntlet | Identified the +2 cloak "Utimod" {Fly rN+++ MP-9 Slay+3}
 15371 | Gauntlet | Identified the +1 scale mail of the Maze {rElec}
 15373 | Gauntlet | Identified the +1 pair of gloves "Athredo" {*Slow rPois
                  | Str+4 Dex+7}
 15374 | Gauntlet | Got the Compilation of Battling
 16452 | Lair:4   | Found a runed translucent gate.
 16453 | Lair:4   | Found a runed translucent gate.
 16454 | Lair:4   | Found a runed translucent gate.
 17607 | Lair:4   | Noticed jaiteiro's ghost (journeyman SpHu)
 17607 | Lair:4   | Noticed Ceyroiss's ghost (journeyman HuWn)
 17653 | Lair:5   | Entered Level 5 of the Lair of Beasts
 17653 | Lair:5   | Noticed Urug
 17734 | Lair:5   | Learned a level 6 spell: Statue Form
 17886 | Lair:5   | Killed Urug
 18275 | Lair:5   | Reached XP level 15. HP: 132/132 MP: 11/28
 19216 | Lair:5   | Found a staircase to the Slime Pits.
 19265 | Lair:4   | Killed jaiteiro's ghost
 19270 | Lair:4   | Killed Ceyroiss's ghost
 19444 | Lair:2   | Reached skill level 10 in Spellcasting
 19530 | Lair:2   | Identified the +2 leather armour "Toteggal" {rF+ Stlth+}
 19557 | Lair:2   | Learned a level 5 spell: Lee's Rapid Deconstruction
 19749 | Lair:2   | Found a hole to the Spider Nest.
 19982 | Shoals:1 | Entered Level 1 of the Shoals
 19994 | Shoals:1 | Noticed Louise
 20044 | Shoals:1 | Killed Louise
 20515 | Shoals:2 | Reached skill level 1 in Summonings
 20517 | Shoals:2 | Noticed Ilsuiw
 20646 | Shoals:2 | Reached XP level 16. HP: 124/140 MP: 16/30
 20995 | Shoals:2 | Noticed Polyphemus
 21010 | Shoals:2 | Killed Polyphemus
 21346 | Shoals:3 | Found a gateway to a bazaar.
 21347 | Shoals:3 | Identified the +8 chain mail of Integrity {Harm rPois
                  | Dex+2}
 21484 | Shoals:3 | Reached skill level 5 in Dodging
 21488 | Shoals:3 | Noticed Kirke
 21503 | Shoals:3 | Killed Kirke
 21770 | Shoals:4 | Entered Level 4 of the Shoals
 22216 | Shoals:4 | Found Regg's Antique Weapon Shoppe.
 22636 | Shoals:4 | Noticed a kraken
 22675 | Shoals:4 | Reached skill level 10 in Shields
 22815 | Shoals:4 | Killed a kraken
 22816 | Shoals:4 | Reached XP level 17. HP: 131/146 MP: 19/31
 22829 | Shoals:4 | Got a barnacled rune of Zot
 22843 | Shoals:4 | Identified Roxanne's Tome of Bedrock
 22843 | Shoals:4 | Noticed Roxanne
 22932 | Shoals:4 | Killed Roxanne
 23143 | Spider:1 | Entered Level 1 of the Spider Nest
 23303 | Spider:1 | Noticed Jorgrun
 23326 | Spider:1 | Killed Jorgrun
 23842 | Spider:1 | Noticed Asterion
 23855 | Spider:1 | Killed Asterion
 24922 | Spider:2 | Identified the +8 great sword of Victory {spect, *Corrode
                  | rC+ SInv}
 25511 | Spider:3 | Reached skill level 16 in Stealth
 25751 | Spider:3 | Reached skill level 17 in Stealth
 25822 | Spider:3 | Reached skill level 18 in Stealth
 25845 | Spider:3 | Reached skill level 10 in Dodging
 25847 | Spider:3 | Reached XP level 18. HP: 141/154 MP: 5/32
 26629 | Spider:4 | Entered Level 4 of the Spider Nest
 26936 | Spider:4 | Reached skill level 10 in Fighting
 27709 | Spider:4 | Got a gossamer rune of Zot
 28050 | Orc:2    | Bought a fine hand crossbow for 263 gold pieces
 28050 | Orc:2    | Identified the +8 hand crossbow of World's End {penet,
                  | rCorr} (You bought it in a shop on level 2 of the Orcish
                  | Mines)
 29081 | D:13     | Found a sacrificial altar of Ru.
 29293 | D:13     | Identified the +1 leather armour "Itimna" {Harm Rampage Fly
                  | Int-2}
 29618 | D:13     | You are sucked into a shaft and drop 1 floor!
 29661 | D:14     | Found a runed translucent door.
 29894 | D:14     | Found a gate to the Vaults.
 30437 | D:15     | Entered Level 15 of the Dungeon
 30583 | D:15     | Identified the +8 dagger "Ocwu" {freeze, rF++}
 30818 | D:15     | Reached XP level 19. HP: 177/177 MP: 25/34
 30883 | D:15     | Found a staircase to the Depths.
 30912 | D:15     | Identified the +0 ring mail "Liuveuw" {rElec Will+}
 30926 | D:15     | Identified a scroll of acquirement
 30939 | D:15     | Acquired the Teachings on the Charming Jaunt
 31202 | Elf:1    | Entered Level 1 of the Elven Halls
 31241 | Elf:1    | Identified the +2 war axe of Exchange {drain, Str+4 Int+4}
 31875 | Elf:1    | Got the Omnibus of Production
 32471 | Elf:2    | Found a portal to a secret trove of treasure.
 32503 | Elf:2    | You paid a toll of 5 scrolls of fog to enter a treasure
                  | trove
 32504 | Trove    | Entered a treasure trove
 32509 | Trove    | Found the +2 hat of the Bear Spirit {Spirit, *Rage Will++}
 32509 | Trove    | Found the +3 salamander hide armour {Flames rF++ rC--}
 32515 | Trove    | Identified the +1 barding of Qerenite {Int+7 Dex+5}
 32517 | Trove    | Identified the -1 barding "Umneo" {rC+ Str+6 Int+4}
 32518 | Trove    | Identified the +0 barding of the Untouchables {rElec rC-
                  | Str+5 Int+3}
 32526 | Trove    | Identified the +1 barding of the Albatross {*Slow rF+ Will+
                  | Regen+}
 32528 | Trove    | Identified the +5 tower shield "Vudorch" {+Inv Fly rElec
                  | Dex-2}
 32795 | Elf:2    | Found a runed translucent gate.
 32796 | Elf:2    | Found a runed translucent gate.
 32796 | Elf:2    | Found a runed translucent gate.
 33130 | Elf:3    | Entered Level 3 of the Elven Halls
 33402 | Elf:3    | Paralysed by an air elemental for 1 turns
 33410 | Elf:3    | Reached skill level 5 in Summonings
 33427 | Elf:3    | Noticed a Tzitzimitl
 33617 | Elf:3    | Reached XP level 20. HP: 190/190 MP: 28/37
 33748 | Elf:3    | Identified the ring "Jyhosyin" {Ice rN++ Str+3 SInv}
 33758 | Elf:3    | Got Soypriti's Incunabulum of Incendiary Metal
 33761 | Elf:3    | Identified the +10 broad axe of Valour {spect, Stlth+}
 33772 | Elf:3    | Identified the ring "Vonep" {rN+ SInv}
 33960 | Elf:3    | Found Tehepube's Jewellery Shop.
 33961 | Elf:3    | Found Kol Vint's Book Emporium.
 33962 | Elf:3    | Found Heapegat's Jewellery Shop.
 33973 | Elf:3    | Bought an Inescapable Atlas for 578 gold pieces
 33973 | Elf:3    | Bought a Trismegistus Codex for 476 gold pieces
 33975 | Elf:3    | Bought the ring "Weil" {Will+ rCorr Int+5} for 474 gold
                  | pieces
 33983 | Elf:3    | Learned a level 3 spell: Ignite Poison
 34448 | Vaults:1 | Entered Level 1 of the Vaults
 34525 | Vaults:1 | Found Ceutued's Book Boutique.
 34558 | Vaults:1 | Found a crumbling gateway.
 36805 | Vaults:2 | Reached XP level 21. HP: 198/198 MP: 20/38
 36996 | Vaults:2 | You are sucked into a shaft and drop 1 floor!
 37119 | Vaults:3 | Noticed Nikola
 37127 | Vaults:3 | Killed Nikola
 37242 | Vaults:3 | Reached skill level 10 in Summonings
 37306 | Vaults:3 | Noticed Margery
 37353 | Vaults:3 | Killed Margery
 37786 | Vaults:2 | Found a staircase to the Crypt.
 38097 | Vaults:2 | Found Quhoh's Jewellery Boutique.
 38764 | Vaults:3 | Noticed Zenata
 38767 | Vaults:3 | Noticed Mennas
 38776 | Vaults:3 | Killed Zenata
 39185 | Vaults:4 | Reached skill level 15 in Spellcasting
 39727 | Vaults:4 | Reached XP level 22. HP: 204/206 MP: 21/41
 40024 | Vaults:5 | Entered Level 5 of the Vaults
 40029 | Vaults:5 | Reached skill level 5 in Armour
 40129 | Vaults:5 | Noticed a golden dragon
 40175 | Vaults:5 | Killed a golden dragon
 40317 | Vaults:5 | Identified the amulet "Onath" {Reflect Will+ rCorr SH+5}
 40539 | Vaults:5 | Identified the +11 broad axe of Breach {vorpal, *Slow rC+
                  | rCorr Dex+2}
 40546 | Vaults:5 | Noticed a golden dragon
 40562 | Vaults:5 | Killed a golden dragon
 40579 | Vaults:5 | Learned a level 8 spell: Summon Horrible Things
 40721 | Vaults:5 | Noticed a golden dragon
 41096 | Vaults:5 | Noticed a golden dragon
 41114 | Vaults:5 | Killed a golden dragon
 41173 | Vaults:5 | Identified the +9 dagger "Killer Bee's Death" {freeze, rF-
                  | rN+ SInv}
 41174 | Vaults:5 | Identified the ring of Sas Gegg {rElec rN+ Slay+3}
 41206 | Vaults:5 | Learned a level 7 spell: Monstrous Menagerie
 41221 | Vaults:5 | Identified the +1 ring mail "Xapusef" {Str+6}
 41224 | Vaults:5 | Identified the ring "Biozaph" {rF- rC+ Str+4 Slay+3 SInv}
 41226 | Vaults:5 | Identified the +4 flail "Jelly's Nightmare" {protect, rC+
                  | Dex+4}
 41227 | Vaults:5 | Identified the +1 dagger "Killer Bee's Bane" {speed, rElec
                  | Str-3 Dex+10 SInv}
 41322 | Vaults:5 | Reached XP level 23. HP: 213/213 MP: 26/43
 41331 | Vaults:5 | Noticed a golden dragon
 41348 | Vaults:5 | Killed a golden dragon
 41509 | Vaults:5 | Got a silver rune of Zot
 42181 | Slime:1  | Entered Level 1 of the Pits of Slime
 42183 | Slime:1  | Gained mutation: Your spells are a little easier to cast,
                  | but a little less powerful. [a shining eye]
 42462 | Depths:1 | Entered Level 1 of the Depths
 42749 | Depths:1 | Found a gateway to Hell.
 42949 | Depths:1 | Reached skill level 15 in Summonings
 43141 | Depths:1 | Found a hide-covered altar of Uskayaw.
 43966 | Depths:2 | Noticed a golden dragon
 43990 | Depths:2 | Killed a golden dragon
 44167 | Depths:2 | Found a one-way gate leading to the halls of Pandemonium.
 44360 | Depths:2 | Found a runed translucent door.
 44371 | Depths:2 | Identified the +8 sling of Impeachment {flame, rElec rN++
                  | Will- Stlth+}
 44374 | Depths:2 | Got the Vellum of Destructive Coordinates
 44414 | Depths:2 | Found a runed translucent door.
 44524 | Depths:2 | Found a one-way gate to the infinite horrors of the Abyss.
 44815 | Depths:3 | Found a corrupted altar of Lugonu.
 44852 | Depths:3 | Found Uluor's Antique Weapon Shop.
 44870 | Depths:3 | Noticed Frederick
 44880 | Depths:3 | Killed Frederick
 44881 | Depths:3 | Reached skill level 10 in Invocations
 45008 | Depths:3 | Reached XP level 24. HP: 224/224 MP: 35/44
 45268 | Depths:3 | Found a transporter.
 45270 | Depths:3 | Found a transporter.
 45290 | Depths:4 | Entered Level 4 of the Depths
 45363 | Depths:4 | Reached skill level 15 in Fighting
 45758 | Depths:4 | Found a one-way gateway to a ziggurat.
 45992 | Depths:4 | Found a gate to the Realm of Zot.
 46170 | Depths:3 | Bought a transparent glaive for 345 gold pieces
 46170 | Depths:3 | Identified the +3 glaive of the Scorching Gods {antimagic,
                  | rPois SInv} (You bought it in a shop on level 3 of the
                  | Depths)
 46247 | Depths:3 | Learned a level 2 spell: Blink
 46250 | Depths:3 | Learned a level 2 spell: Passwall
 46256 | Depths:3 | Learned a level 5 spell: Silence
 46315 | Zot:1    | Entered Level 1 of the Realm of Zot
 48262 | Zot:3    | Reached XP level 25. HP: 145/236 MP: 21/44
 48399 | Zot:3    | Noticed an orb of fire
 48410 | Zot:3    | Gained mutation: Your spells are easier to cast, but less
                  | powerful. [an orb of fire]
 48412 | Zot:3    | Killed an orb of fire
 48413 | Zot:3    | Identified the +4 rapier of Revolt {vorpal, rCorr}
 48831 | Orc:2    | Bought the ring "Wigitac" {+Blink Fly rF+ Int+6} for 709
                  | gold pieces
 49136 | Depths:2 | Found a runed translucent door.
 49276 | Depths:2 | Identified the ring "Tewkuujo" {Will+ Str-5 Dex+8 Slay+3
                  | Stlth+}
 49358 | Depths:2 | Reached skill level 10 in Armour
 49459 | Zot:3    | Identified the +11 morningstar of Vilul {elec, *Slow Fly
                  | Dex+4}
 49647 | Zot:3    | Reached skill level 15 in Polearms
 49945 | Zot:4    | Found the +4 dragonskin cloak
 49945 | Zot:4    | Noticed Tiamat
 50184 | Zot:3    | Acquired a book of Dangerous Friends
 50205 | Zot:3    | Identified the +2 mace of the Hero {venom, rN+ Str+5 Dex-4}
 50949 | Zot:4    | Noticed a Killer Klown
 50950 | Zot:4    | a Killer Klown changed into an iron dragon
 51046 | Zot:3    | Learned a level 7 spell: Haunt
 51062 | Zot:4    | Reached skill level 1 in Necromancy
 51450 | Zot:5    | Entered Level 5 of the Realm of Zot
 51489 | Zot:5    | Reached skill level 5 in Necromancy
 52328 | Zot:5    | Reached XP level 26. HP: 247/247 MP: 30/44
 52360 | Zot:5    | Reached skill level 10 in Necromancy
 52466 | Zot:5    | Noticed a Killer Klown
 52481 | Zot:5    | Killed a Killer Klown
 52502 | Zot:5    | Noticed an ancient lich
 52503 | Zot:5    | Noticed an orb of fire
 52504 | Zot:5    | Noticed a dread lich
 52510 | Zot:5    | Noticed a Killer Klown
 52510 | Zot:5    | Noticed an orb of fire
 52517 | Zot:5    | Killed an ancient lich
 52517 | Zot:5    | Gained mutation: You occasionally lose the ability to drink
                  | potions when taking damage. [an orb of fire]
 52519 | Zot:5    | Killed an orb of fire
 52520 | Zot:5    | Noticed a dread lich
 52520 | Zot:5    | Noticed a dread lich
 52533 | Zot:4    | Killed a Killer Klown
 52606 | Zot:5    | Noticed a dread lich
 52606 | Zot:5    | Noticed a dread lich
 52616 | Zot:4    | Killed a dread lich
 52622 | Zot:4    | Killed a dread lich
 52636 | Zot:5    | Noticed a Killer Klown
 52645 | Zot:4    | Killed a dread lich
 52657 | Zot:4    | Killed a dread lich
 52677 | Zot:4    | Killed a dread lich
 52718 | Zot:4    | Killed an orb of fire
 52755 | Zot:4    | Killed a Killer Klown
 52838 | Zot:5    | Noticed a Killer Klown
 52873 | Zot:5    | Noticed a dread lich
 52880 | Zot:5    | Noticed a dread lich
 52889 | Zot:5    | Killed a Killer Klown
 52904 | Zot:4    | Killed a dread lich
 53013 | Zot:5    | Killed a dread lich
 53032 | Zot:5    | Reached skill level 15 in Necromancy
 53093 | Zot:5    | Learned a level 8 spell: Infestation
 53254 | Zot:5    | Got the Orb of Zot
 53266 | Zot:5    | Noticed Biseudou the pandemonium lord
 53687 | D:9      | Noticed Saydimy the pandemonium lord
 53870 | D:$      | Escaped with the Orb!

Illustrated notes

Levels and vault maps discovered:
D:1:      nzn_arrival_water_spiral, layout_loops_corners,
          hellmonk_ecumenical_altar_lost_god, serial_shops,
          nicolae_shop_waterfront, corexii_item_surrounded_by_moat
D:2:      layout_basic, serial_bayou_ford_a
D:3:      layout_loops_ring, marbit_many_paths, mainiacjoe_overflow_alcove_1,
          kennysheep_slug_shrine, serial_shops, nicolae_shop_waterfront,
          grunt_ministairs_6, kennysheep_jessica_study
D:4:      layout_basic, trog_ov_bears_minmay, kennysheep_mini,
          mainiacjoe_overflow_alcove_4, minmay_temple_entry_drinking_statues,
          nicolae_titane, uniq_crazy_yiuf_cottage, uniq_eustachio
D:5:      layout_rooms
D:6:      layout_cave_pools, mainiacjoe_overflow_alcove_2,
          minmay_manual_monolith
D:7:      layout_basic, tso_oasis_becter, nicolae_sif_muna_little_library,
          kiku_gazebo_garden_becter, gammafunk_ghost_split, uniq_menkaure
D:8:      layout_cave_pools, enter_bailey_4, uniq_erica
D:9:      layout_gridville, lemuel_coloured_pillars_altar,
          nicolae_overflow_two_pavilions, nicolae_wu_jian_wuxing_cycle,
          amcnicky_altar_gilded, serial_shops, nicolae_shop_trees,
          grunt_ministairs_3, hangedman_abyss_or_decor_stagger, uniq_joseph
D:10:     layout_irregular_city, mainiacjoe_overflow_chevrons, serial_demonic,
          serial_demonic_g, serial_demonic_f, serial_demonic_d, serial_demonic_f
D:11:     layout_irregular_city, lair_entry_dummy, erik_orc_4, uniq_snorg
D:12:     layout_basic, portal_ice_cave_demonic_guard,
          chequers_serial_rivers_micro_e
D:13:     layout_basic, nicolae_ru_path_of_blood
D:14:     layout_irregular_city, hangedman_vaults_entry_quadrant_bands,
          minmay_misc_feat_four_crosses, kennysheep_treasure_room
D:15:     gammafunk_depths_entry_grave, layout_stronghold, chequers_mini_garden,
          kb_rosetta
Lair:1:   layout_concentric_octagons, lemuel_fruit_fields, lemuel_fruit_tree,
          grunt_megastairs_3, infiniplex_staircase_pool_2, serial_bayou_shore_b,
          uniq_grum
Lair:2:   layout_roguey, elwin_shoals_entry_stream,
          nicolae_spider_entry_orb_guardian
Lair:3:   statuecave_lemuel, layout_hall_layers, gauntlet_entry_generic,
          serial_bayou_pond_b
Lair:4:   layout_hall_layers, gammafunk_ghost_cemetery
Lair:5:   evilmike_catoblepas_cave, layout_small_grid,
          minmay_slime_entry_oklob_open, grunt_megastairs_2, uniq_urug
Shoals:1: layout_shoals, nicolae_shoals_lost_giant_baths, uniq_louise
Shoals:2: layout_shoals, uniq_ilsuiw, uniq_polyphemus
Shoals:3: layout_shoals, serial_shops, statue_bzr, uniq_kirke
Shoals:4: shoals_end_hangedman, layout_shoals, serial_shops, shop, uniq_roxanne
Spider:1: layout_cave_pods, uniq_jorgrun, uniq_asterion
Spider:2: spiders_nest_scorpion_pit
Spider:3: nicolae_spider_hilbert_zone_4 [nicolae_spider_hilbert_4_sides_2_open,
          nicolae_spider_hilbert_4_sides_1_open,
          nicolae_spider_hilbert_4_sides_1_open,
          nicolae_spider_hilbert_4_sides_1_open,
          nicolae_spider_hilbert_4_sides_1_open,
          nicolae_spider_hilbert_2_sides_1_open,
          nicolae_spider_hilbert_2_sides_1_open,
          nicolae_spider_hilbert_2_sides_1_open,
          nicolae_spider_hilbert_2_sides_1_open,
          nicolae_spider_hilbert_6_sides_1_open,
          nicolae_spider_hilbert_6_sides_1_open,
          nicolae_spider_hilbert_3_sides_1_open,
          nicolae_spider_hilbert_3_sides_1_open]
Spider:4: spider_rune_water
Slime:1:  layout_caves
Orc:1:    layout_caves, basic_altar, uniq_maurice
Orc:2:    st_orc_open, layout_caves
Elf:1:    layout_loops_corners, minmay_elf_demonology, grunt_ministairs_4,
          fountainhead, drop_trap
Elf:2:    nicolae_elf_blades_crystal_corner, layout_gridlike,
          nicolae_trove_entry_isolated
Elf:3:    elf_hall_gauntlet_narrow, layout_gridlike,
          dreamdust_princess_corridor, minmay_shop_grove
Vaults:1: portal_desolation_entry_nicolae_nacl, ontoclasm_vaults_misaligned,
          v_misc_10, vaults_room_pool, vaults_mumra_chevron, v_alt_pattern_2,
          nicolae_vaults_network_square, v_alt_pattern_5,
          nicolae_vaults_shelves_hall, v_alt_pattern_6, v_misc_10, v_misc_15,
          vaults_dpeg_ring, layout_vaults_chaotic_city, serial_shops, shop
Vaults:2: ontoclasm_vaults_tryst, nicolae_vaults_little_squares_1,
          hangedman_vaults_trim, v_misc_30, nicolae_vaults_three_branches,
          nicolae_vaults_mini_display_case, nicolae_vaults_little_squares_5,
          vaults_room_hallway, layout_vaults_omnigrid,
          minmay_crypt_entry_simple_round, serial_shops, shop
Vaults:3: v_pattern_3, hangedman_vaults_capsules, vaults_room_semicircle,
          v_misc_26, vaults_room_hallway, ontoclasm_vaults_echo, v_misc_4,
          nicolae_vaults_what_the_h, v_misc_18, nicolae_vaults_little_squares_4,
          v_alt_pattern_4, nicolae_vaults_little_squares_5,
          vaults_room_large_hall, layout_vaults_ring, uniq_zenata, uniq_nikola,
          uniq_mennas, uniq_margery
Vaults:4: v_misc_26, v_alt_pattern_3, st_more_cells, v_pattern_4,
          vaults_room_corners, v_misc_4, nicolae_vaults_disjoint_gnomons,
          v_rooms_3, ontoclasm_vaults_loading_screen, vaults_room_pool,
          nicolae_vaults_rhombus_7, layout_vaults_omnibox
Vaults:5: serial_shops
Depths:1: layout_gridlike, hell_entry, nicolae_uskayaw_suspiria,
          nicolae_figureground_pulse
Depths:2: minmay_the_grid_triangle_9x9_rhombus_thin_mashed
          [minmay_the_grid_triangle_9x9_alien,
          minmay_the_grid_triangle_9x9_prize_center,
          minmay_the_grid_triangle_9x9_tough_junction,
          minmay_the_grid_triangle_9x9_swiss_cheese], layout_basic,
          serial_sigils_hangedman_quiver, grunt_pan_entry_spiral,
          hangedman_tar_grid_catacomb, abyss_entry, minmay_crystal_box,
          infiniplex_staircase_diamond
Depths:3: gammafunk_corrupted_shrine, layout_basic, lightli_too_deep,
          abyss_entry, serial_shops, nicolae_shop_window_shopping,
          infiniplex_staircase_door_maze, uniq_frederick
Depths:4: evilmike_zot_entry_argh, layout_twisted_cross, enter_ziggurat_a,
          hell_entry, serial_bayou_lagoon_a, minmay_misc_feat_rows
Zot:1:    layout_twisted_circle
Zot:2:    layout_misc_corridors, grunt_ministairs_7
Zot:3:    hangedman_zot_vaults_quadrants, layout_cathedral_of_symmetry
Zot:4:    layout_basic, skrybe_zot_glass_3, uniq_tiamat, uniq_grunn
Zot:5:    layout_cathedral_of_symmetry, st_stairs_1, hangedman_zot_gyre

Skill      XL: |  1  2  3  4  5  6  7  8  9 10 11 12 13 14 15 16 17 18 19 20 21 22 23 24 25 26 |
---------------+-------------------------------------------------------------------------------+-----
Stealth        | 4 5 7 11 15 18 | 18.5
Poison Magic   | 5 6 7 8 |  8.3
Armour         | 1 2 4 7 9 10 | 10.0
Spellcasting   | 3 5 8 9 10 11 13 15 16 17 | 17.5
Fighting       | 1 2 3 4 6 8 12 14 15 16 | 16.3
Polearms       | 1 2 3 4 6 9 11 12 14 15 | 15.0
Conjurations   | 1 3 4 |  4.8
Air Magic      | 1 3 4 |  4.5
Shields        | 1 2 4 6 10 11 13 14 | 14.3
Invocations    | 5 6 8 10 12 | 12.0
Dodging        | 2 3 7 10 12 13 | 13.2
Hexes          | 3 4 |  4.3
Translocations | 4 |  4.8
Earth Magic    | 4 7 9 |  9.0
Transmutations | 4 7 9 |  9.0
Summonings     | 2 5 9 12 14 15 16 | 16.4
Necromancy     | 9 15 | 15.9

Action                   |  1- 3 |  4- 6 |  7- 9 | 10-12 | 13-15 | 16-18 | 19-21 | 22-24 | 25-27 || total
-------------------------+-------+-------+-------+-------+-------+-------+-------+-------+-------++-------
Melee: Unarmed           |     1 |       |       |       |       |       |       |       |       ||     1
       Short sword       |    35 |       |       |       |       |       |       |       |       ||    35
       Spear             |    31 |       |       |       |       |       |       |       |       ||    31
       Trident           |     4 |   118 |   252 |   229 |       |       |       |       |       ||   603
       Demon trident     |       |       |       |   194 |   653 |  1006 |  1240 |  1314 |   640 ||  5047
       Constrict         |       |       |       |       |   147 |   176 |   202 |   143 |    70 ||   738
 Cast: Sting             |     7 |       |       |       |       |     1 |       |       |       ||     8
       Poisonous Vapours |     7 |    19 |    27 |    18 |    11 |       |       |       |       ||    82
       Olgreb's Toxic Ra |       |       |    13 |    34 |    53 |    52 |    17 |    14 |    13 ||   196
       Mephitic Cloud    |       |       |     1 |     9 |     2 |       |     2 |       |     1 ||    15
       Tukima's Dance    |       |       |       |     9 |    13 |       |       |       |       ||    22
       Summon Lightning  |       |       |       |       |    13 |    27 |     7 |    26 |     4 ||    77
       Passage of Golubr |       |       |       |       |     1 |       |       |       |       ||     1
       Statue Form       |       |       |       |       |     6 |    12 |     3 |       |       ||    21
       Lee's Rapid Decon |       |       |       |       |       |    15 |     2 |    12 |     5 ||    34
       Ignite Poison     |       |       |       |       |       |       |    11 |    13 |    10 ||    34
       Monstrous Menager |       |       |       |       |       |       |       |    10 |       ||    10
       Summon Horrible T |       |       |       |       |       |       |       |    19 |    19 ||    38
       Passwall          |       |       |       |       |       |       |       |       |    18 ||    18
       Silence           |       |       |       |       |       |       |       |       |     1 ||     1
       Haunt             |       |       |       |       |       |       |       |       |     1 ||     1
Invok: Slouch            |       |       |       |     8 |     3 |     6 |     2 |     4 |     6 ||    29
       Step From Time    |       |       |       |       |       |       |       |     2 |     2 ||     4
       Bend Time         |       |       |       |       |       |       |       |     1 |     2 ||     3
 Abil: Spit Poison       |    15 |    15 |     3 |     1 |       |     7 |     2 |       |       ||    43
Evoke: Wand              |       |       |     3 |    11 |     4 |     4 |     1 |     1 |       ||    24
  Use: Scroll            |     6 |     2 |     9 |     2 |    16 |    12 |     6 |    11 |    13 ||    77
       Potion            |       |       |     1 |     2 |     6 |     5 |     8 |     7 |     2 ||    31
 Stab: Sleeping          |     5 |     8 |     6 |     5 |    24 |    61 |    54 |    31 |     8 ||   202
       Confused          |       |       |       |    11 |       |       |     2 |       |       ||    13
       Distracted        |       |       |       |     4 |    12 |    23 |    27 |    37 |    12 ||   115
       Held in net/web   |       |       |       |       |       |     1 |       |       |       ||     1
Armor: Robe              |     7 |       |       |       |       |       |       |       |       ||     7
       Leather armour    |    13 |    39 |    81 |    82 |    92 |    92 |    85 |   157 |   136 ||   777
       Skin              |       |       |       |       |    29 |    86 |     3 |       |       ||   118
Dodge: Dodged            |    24 |    52 |    90 |   128 |   112 |   337 |   224 |   461 |   266 ||  1694
Block: Buckler           |       |       |    39 |    14 |       |       |       |       |       ||    53
       Kite shield       |       |       |       |   302 |   436 |   808 |   109 |       |       ||  1655
       Reflection        |       |       |       |     8 |    11 |    59 |   104 |    54 |    10 ||   246
       Tower shield      |       |       |       |       |       |       |   827 |  1360 |   736 ||  2923
